 Dungeon Crawl Stone Soup version 0.31-a0-325-g067879e3d3 (webtiles) character file.

Game seed: 14928017201591449115

51 Vomitron the Grasshopper (level 3, 2/31 HPs)
             Began as an Armataur Warper on July 18, 2023.
             Quit the game on level 2 of the Dungeon.
             The game lasted 00:01:38 (1016 turns).

Vomitron the Grasshopper (Armataur Warper)          Turns: 1016, Time: 00:01:39

Health: 2/31       AC:  6    Str: 18    XL:     3   Next: 58%
Magic:  6/6        EV:  7    Int: 13    God:
Gold:   62         SH:  0    Dex:  9    Spells: 6/6 levels left

rFire   . . .        l - +2 dagger (venom)
rCold   . . .        (no shield)
rNeg    . . .        g - +0 scale mail
rPois   .            (no helmet)
rElec   .            (no cloak)
rCorr   .            (no gloves)
SInv    .            (no barding)
Will    .....        (no amulet) Stlth
                     (no ring)
HPRegen 0.25/turn    (no ring)
MPRegen 0.10/turn

%: roll
@: no status effects
A: large, rugged brown scales 3, deformed body, armoured tail, roll, long
tongue, awkward tongue
a: no special abilities


You were on level 2 of the Dungeon.
You visited 1 branch of the dungeon, and saw 2 of its levels.

You collected 62 gold pieces.

Inventory:

Hand Weapons
 a - a +0 falchion
 l - a +2 dagger of venom (weapon)
Missiles
 d - 7 boomerangs of dispersal (quivered)
Armour
 b - a +0 leather armour
 g - a +0 scale mail (worn)
Scrolls
 c - a scroll of blinking
 e - a scroll of poison {unknown}
 f - a scroll of butterflies {unknown}
 i - a scroll of revelation {unknown}
 k - a scroll of identify {unknown}


   Skills:
 + Level 2.2 Fighting
 * Level 2.6 Long Blades
 - Level 0.8 Throwing
 - Level 1.2 Armour
 - Level 1.3 Dodging
 + Level 2.2 Spellcasting
 + Level 3.3 Translocations


You had 6 spell levels left.
You didn't know any spells.
Your spell library contained the following spells:

 Spells                   Type           Power      Damage    Failure   Level
 Blink                    Tloc           20%        N/A       32%         2
 Lesser Beckoning         Tloc           20%        N/A       32%         2
 Teleport Other           Tloc           10%        N/A       54%         3
 Vhi's Electric Charge    Tloc/Air       10%        N/A       77%         3
 Manifold Assault         Tloc           10%        N/A       91%         4
 Frozen Ramparts          Ice            2%         1d1       94%         3
 Petrify                  Tmut/Erth      1%         N/A       100%        4
 Metabolic Englaciation   Hex/Ice        0%         N/A       100%        5


Dungeon Overview and Level Annotations

Branches:
Dungeon (2/15)

Altars:

Annotations:
D:2 Robin


Innate Abilities, Weirdness & Mutations

You are completely covered in rugged brown scales. (AC +3, +7% HP)
Armour fits poorly on your strangely shaped body.
You have a long armoured tail.
You roll when moving toward enemies. (Rampage)
Your long tongue fully drains potion bottles. (2x potion effects)
Your tongue gives you trouble enunciating. (1.5x scroll delay)


Message History

The hobgoblin is moderately wounded.
The hobgoblin hits you but does no damage.
A goblin comes into view. It is wielding a +0 club.
The goblin shouts!
You hit the hobgoblin.
The hobgoblin is severely wounded.
A goblin comes into view. It is wielding a +0 club.
The hobgoblin hits you but does no damage.
A goblin comes into view. It is wielding a +0 dagger.
Robin of the Strong Arm comes into view.
They are wielding a +0 mace of protection and wearing the +1 helmet of Agrathru {rCorr Int+2 Dex+2}.
It was a potion of cancellation.
Your magical effects are unravelling.
You feel magically purged.
You slurp down every last drop of the potion of cancellation!
You feel less wooden.
Your +0 scale mail unmelds from your body.
The goblin shouts!
The hobgoblin barely misses you.
A goblin comes into view. It is wielding a +0 dagger.
Unknown command.
You hit the hobgoblin but do no damage.
The hobgoblin is poisoned.
The hobgoblin is severely wounded.
You kill the hobgoblin!
Robin roars a battlecry!
The goblins go into a battle-frenzy!
You hit the goblin.
The goblin is heavily wounded.
The goblin hits you with a +0 club.
* * * LOW HITPOINT WARNING * * *
A hobgoblin comes into view.
Robin throws the goblin at you!
You barely miss the goblin.
The goblin is heavily wounded.
The hobgoblin shouts!
The goblin barely misses you. The goblin hits you but does no damage.
Unknown command.
Are you sure you want to abandon this character and quit the game? (Confirm with "yes".)
Okay, then.
Unknown command.
Are you sure you want to abandon this character and quit the game? (Confirm with "yes".)

# .## ## # ..# ...
# .. ### ..##... #
# #. ###.. ..#..
####.# ###.##...#
.... . ......
....♣.P.♣#..##...
......
#..~~~~~g...g...
#....
##...♣♣~♣gg..g...
#....
#......g@###.....
# ... #...)....#
g.. # ##
##........# g
########.........#
.........#########
########## # # #


You could see Robin and 5 goblins.

Vanquished Creatures
  An adder (D:2)
  A worm (D:2)
  3 ball pythons
  4 endoplasms
  A giant cockroach (D:1)
  7 goblins
  5 hobgoblins
  5 bats
  2 frilled lizards (D:1)
  5 kobolds
34 creatures vanquished.

Notes
Turn   | Place    | Note
-------+----------+-------------------------------------------
     0 | D:1      | Vomitron the Armataur Warper began the quest for the Orb.
     0 | D:1      | Reached XP level 1. HP: 18/18 MP: 3/3
   455 | D:1      | Reached XP level 2. HP: 25/25 MP: 4/4
   855 | D:2      | Reached XP level 3. HP: 17/31 MP: 6/6
  1011 | D:2      | Identified the +1 helmet of Agrathru {rCorr Int+2 Dex+2}
  1011 | D:2      | Noticed Robin
  1016 | D:2      | Quit the game

Illustrated notes

Levels and vault maps discovered:
D:1:      dpeg_arrival_radiant, layout_basic, kennysheep_decorative_pillar
D:2:      layout_rooms, serial_bayou, serial_bayou_pond_e,
          serial_bayou_crossing, serial_bayou_pond_e, serial_bayou_pond_e,
          chequers_serial_rivers_large_a, uniq_terence, uniq_robin, uniq_sigmund

Skill      XL: |  1  2 |
---------------+-------+-----
Long Blades    | 2 |  2.6
Fighting       | 2 |  2.2
Spellcasting   | 2 |  2.2
Throwing       | |  0.8
Armour         | |  1.2
Dodging        | |  1.3
Translocations | |  3.3

Action                     || total
---------------------------++-------
  Melee: Falchion          ||    90
         Tailslap          ||    11
         Dagger            ||    13
    Use: Potion            ||     2
 Armour: Scale mail        ||    55
         Leather armour    ||     4
         Skin              ||     7
  Dodge: Dodged            ||    42

Table legend: (Time is in decaauts)
 A = Elapsed time spent in this place.
 B = Non-inter-level travel time spent in this place.
 C = Inter-level travel time spent in this place.
 D = Time resting spent in this place.
 E = Time spent auto-exploring this place.
 F = Levels seen in this place.
 G = Mean time per level.
                   A        B        C        D        E       F      G
               +--------+--------+--------+--------+--------+-----+--------+
         Total |   1031 |    968 |     63 |     26 |    719 |   2 |  515.5 |
       Dungeon |   1031 |    968 |     63 |     26 |    719 |   2 |  515.5 |
               +--------+--------+--------+--------+--------+-----+--------+

Top non-repeatable levels by time:
     D:1: 817 daAuts
     D:2: 213 daAuts
